 Dungeon Crawl Stone Soup version 0.26.1-2-gb8aa6d0cf2 (webtiles) character file.

Game seed: 16915991070077958758

200 phalm the Digger (level 5, -6/28 HPs)
             Began as a Gargoyle Earth Elementalist on Mar 4, 2021.
             Splashed by Ijyb's acid (11 damage)
             ... on level 3 of the Dungeon.
             The game lasted 00:12:10 (2944 turns).

phalm the Digger (Gargoyle Earth Elementalist)      Turns: 2944, Time: 00:12:11

Health: -6/28      AC:  6    Str: 11    XL:     5   Next: 78%
Magic:  9/11       EV: 12    Int: 17    God:
Gold:   162        SH:  0    Dex: 10    Spells: 12/13 levels left

rFire    . . .     SeeInvis .   k - +0 dagger (protect)
rCold    . . .     Faith    .   (no shield)
rNeg     + . .     Spirit   .   j - +0 robe
rPois    ∞         Reflect  .   (no helmet)
rElec    +         Harm     .   (no cloak)
rCorr    .         Rampage  .   (no gloves)
Will     .....                  (no boots)
Stlth    ++........             (no amulet)
HPRegen  0.09/turn              e - +4 ring of protection
MPRegen  0.12/turn              (no ring)

@: corroded
A: negative energy resistance 1, electricity resistance, unbreathing,
petrification resistance, miasma immunity, AC +4
a: no special abilities


You were on level 3 of the Dungeon.
You visited 1 branch of the dungeon, and saw 3 of its levels.

You collected 162 gold pieces.

Inventory:

Hand Weapons
 k - a +0 dagger of protection (weapon)
Missiles
 b - 48 stones
Armour
 j - a +0 robe (worn)
Jewellery
 e - a +4 ring of protection (left hand)
Wands
 o - a wand of flame (18)
Scrolls
 a - a scroll of immolation {unknown}
 g - 2 scrolls of enchant weapon
 i - 3 scrolls of magic mapping
 l - a scroll of amnesia {unknown}
 p - a scroll of fear {unknown}
Potions
 c - a potion of heal wounds {unknown}
 d - 2 potions of resistance
 f - 3 potions of curing
 h - 2 potions of berserk rage {unknown}
 m - a potion of attraction {unknown}
 n - a potion of might {unknown}
 q - a potion of mutation {unknown}


   Skills:
 - Level 1.5 Dodging
 - Level 2.1 Stealth
 + Level 4.5 Spellcasting
 - Level 0.7 Transmutations
 + Level 5.2 Earth Magic


You had 12 spell levels left.
You knew the following spells:

 Your Spells              Type           Power        Failure   Level
a - Sandblast             Erth           42%          1%          1

Your spell library contained the following spells:

 Spells                   Type           Power        Failure   Level
 Passwall                 Tmut/Erth      11%          7%          2
 Stone Arrow              Conj/Erth      24%          16%         3
 Petrify                  Tmut/Erth      14%          41%         4
 Lee's Rapid Deconstruct  Erth           10%          43%         5


Dungeon Overview and Level Annotations

Branches:
Dungeon (3/15)

Altars:
Wu Jian

Annotations:
D:3 Ijyb


Innate Abilities, Weirdness & Mutations

You are resistant to torment.
Your stone body is resilient. (AC +4)
You are immune to poison.
You resist negative energy. (rN+)
You are resistant to electric shocks. (rElec)
You can survive without breathing.
You are immune to petrification.
You are immune to miasma.


Message History

Ijyb zaps a wand.
The bolt of acid misses you. Ijyb screams, "I cut your head off!"
Casting: Sandblast (safe; 1% risk of failure)
Confirm with . or Enter, or press ? or * to list all spells.
Aiming: Sandblast (safe; 1% risk of failure)
Press: ? - help, Shift-Dir - straight line, f - Ijyb
Aim: Ijyb, wearing a +2 leather armour of poison resistance and carrying a wand of acid (9) (24% to evade)
The blast of sand misses Ijyb.
Casting: Sandblast (safe; 1% risk of failure)
Confirm with . or Enter, or press ? or * to list all spells.
Aiming: Sandblast (safe; 1% risk of failure)
Press: ? - help, Shift-Dir - straight line, f/p - Ijyb
Aim: Ijyb, wearing a +2 leather armour of poison resistance and carrying a wand of acid (9) (24% to evade)
The blast of sand hits Ijyb!
Ijyb is moderately wounded.
Ijyb zaps a wand.
The bolt of acid hits you!!
Ouch! That really hurt!
* * * LOW HITPOINT WARNING * * *
The acid corrodes you!
You are splashed with acid!
You die...

##### ##...## ##.....### .
#........## .. ##.).......##
... #...........# ....
#...).......## .....
#......<@g...######.†....
##.........#..÷P...P.....
#...........P≈≈≈≈..P....
#.......#...≈≈≈♣≈≈.♣P...
##...........♣≈≈≈≈......
#####........P..P≈♣≈≈≈≈P.P..
##.....###......P...♣♣≈....P.
###.......##.......P...♣♣....P.
#..........#........♣..P..P....


You could see Ijyb.

Vanquished Creatures
  An orc priest (D:3)
  Jessica (D:2)
  An iguana (D:3)
  6 adders
  A worm (D:3)
  3 dart slugs
  2 leopard geckos (D:1)
  3 orcs (D:3)
  7 bats
  3 giant cockroaches
  5 goblins
  4 hobgoblins
  A quokka (D:3)
  4 frilled lizards
  11 kobolds
  6 rats
59 creatures vanquished.

Vanquished Creatures (others)
  A leopard gecko (D:3)
  5 plants (D:3)
6 creatures vanquished.

Grand Total: 65 creatures vanquished

Notes
Turn   | Place    | Note
-------+----------+-------------------------------------------
     0 | D:1      | phalm the Gargoyle Earth Elementalist began the quest for
                  | the Orb.
     0 | D:1      | Reached XP level 1. HP: 10/10 MP: 3/3
   200 | D:1      | Reached XP level 2. HP: 15/15 MP: 2/5
   816 | D:1      | Reached XP level 3. HP: 19/19 MP: 7/7
  1159 | D:2      | Noticed Jessica
  1164 | D:2      | Killed Jessica
  1165 | D:2      | Reached skill level 4 in Earth Magic
  1165 | D:2      | Reached XP level 4. HP: 16/24 MP: 6/9
  1745 | D:2      | Reached XP level 5. HP: 24/28 MP: 6/11
  2019 | D:2      | Found an ornate altar of the Wu Jian Council.
  2512 | D:3      | Reached skill level 5 in Earth Magic
  2703 | D:3      | Noticed Ijyb
  2944 | D:3      | Splashed by Ijyb's acid

Illustrated notes

Levels and vault maps discovered:
D:1:      grunt_arrival_lava_bath, layout_loops_cross
D:2:      layout_basic, marbit_many_paths, uniq_jessica
D:3:      layout_rooms, nicolae_overflow_hidden_temple, serial_bayou,
          serial_bayou_ford_a, serial_bayou_pond_e, serial_bayou_pond_a,
          serial_bayou_pond_a, uniq_ijyb

Skill      XL: |  1  2  3  4  5 |
---------------+----------------+-----
Spellcasting   | 3 4 |  4.5
Earth Magic    | 4 5 |  5.2
Dodging        | |  1.5
Stealth        | |  2.1
Transmutations | |  0.7

Action                   |  1- 3 |  4- 6 || total
-------------------------+-------+-------++-------
Melee: Whip              |    31 |       ||    31
       Dagger            |    11 |    55 ||    66
 Cast: Sandblast         |    29 |    41 ||    70
Evoke: Wand              |       |     1 ||     1
  Use: Scroll            |       |     6 ||     6
 Stab: Sleeping          |     1 |     2 ||     3
Armor: Robe              |    22 |    23 ||    45
Dodge: Dodged            |    46 |    44 ||    90
